 Dungeon Crawl Stone Soup version 0.29-a0-96-g93358da72b (webtiles) character file.

Game seed: 1262020439688074631

39 skittles the Poker (level 3, -1/27 HPs)
             Began as a Merfolk Gladiator on Feb 12, 2022.
             Slain by Sigmund (2 damage)
             ... on level 2 of the Dungeon.
             The game lasted 00:02:49 (1304 turns).

skittles the Poker (Merfolk Gladiator)              Turns: 1304, Time: 00:02:49

Health: -1/27      AC:  4    Str: 14    XL:     3   Next: 47%
Magic:  3/3        EV: 13    Int:  7    God:
Gold:   68         SH:  0    Dex: 17    Spells: 2/2 levels left

rFire   . . .      SeeInvis .   a - +0 trident
rCold   . . .      Faith    .   (no shield)
rNeg    . . .      Spirit   .   b - +0 leather armour
rPois   .          Reflect  .   c - +0 helmet
rElec   .          Harm     .   (no cloak)
rCorr   .          Rampage  .   (no gloves)
Will    .....                   (no boots)
Stlth   ++........              (no amulet)
HPRegen 0.09/turn               (no ring)
MPRegen 0.08/turn               (no ring)

@: mighty
A: (nimble swimmer 2), mertail
a: no special abilities


You were on level 2 of the Dungeon.
You visited 1 branch of the dungeon, and saw 2 of its levels.

You collected 68 gold pieces.

Inventory:

Hand Weapons
 a - a +0 trident (weapon)
 e - a +0 dagger of freezing
Missiles
 d - 3 throwing nets
 f - 3 javelins
 i - 3 poisoned darts (quivered)
 j - 6 boomerangs
Armour
 b - a +0 leather armour (worn)
 c - a +0 helmet (worn)
Potions
 g - a potion of might
 h - a potion of attraction {unknown}


   Skills:
 - Level 2.1 Fighting
 * Level 5.8 Polearms
 * Level 2.1 Throwing
 + Level 4.4 Dodging
 - Level 1.0 Stealth


You had 2 spell levels left.
You didn't know any spells.
Your spell library was empty.

Dungeon Overview and Level Annotations

Branches:
Dungeon (2/15)

Altars:

Shops:
D:1 :

Annotations:
D:2 Sigmund


Innate Abilities, Weirdness & Mutations

((You are very nimble when in or above water. (Stealth+, EV+, Speed+++)))
Your lower body shifts to a powerful aquatic tail in water.


Message History

Found a stone staircase leading down.
No target in view!
Sigmund the Dreaded comes into view.
He is wielding a +0 vorpal scythe and carrying a wand of flame (19).
Sigmund shouts!
An endoplasm comes into view.
Sigmund barely misses you.
The endoplasm moves out of view.
Throw: 5 darts (poison)
Press: ? - help, Q - select action, (/) - cycle Shift-Dir - straight line, f - Sigmund
Aim: Sigmund, wielding a +0 vorpal scythe, wearing a +0 robe and carrying a wand of flame (19) (58% to hit)
You throw a poisoned dart.
The poisoned dart barely misses Sigmund.
Throw: 4 darts (poison)
Press: ? - help, Q - select action, (/) - cycle Shift-Dir - straight line, f/p - Sigmund
Aim: Sigmund, wielding a +0 vorpal scythe, wearing a +0 robe and carrying a wand of flame (19) (58% to hit)
You throw a poisoned dart.
The poisoned dart closely misses Sigmund.
Sigmund screams, "Only death can liberate you!"
Sigmund gestures wildly while chanting.
Sigmund flickers and vanishes!
Deactivating autopickup; reactivate with Ctrl-A.
An endoplasm comes into view.
It was a potion of might.
You feel very mighty all of a sudden. Something hits you!
Okay, then.
The endoplasm quivers.
You puncture the endoplasm!
You kill the endoplasm!
Something hits you!
* * * LOW HITPOINT WARNING * * *
You are too injured to fight recklessly!
You are too injured to fight recklessly!
You are too injured to fight recklessly!
You puncture the endoplasm!
You kill the endoplasm!
A rat comes into view.
Something hits you.
* * * LOW HITPOINT WARNING * * *
x2 Something hits you.
You die...

### #.####.. #...†...
#### ######.# ...##
#############.#
##..(###....†........#
##....{##.#############
#.......#.# #.....@...#
........#!...#
###>.......#.#
##...###...# ...#.
#r#.# ...... #.....
...#... ....#.. ... ..#
##.. ..


There were no monsters in sight!

Vanquished Creatures
  4 endoplasms
  A giant cockroach (D:1)
  5 goblins (D:1)
  5 hobgoblins (D:1)
  4 kobolds (D:1)
  A quokka (D:2)
  8 ball pythons
  5 bats (D:1)
  3 frilled lizards
  2 rats
38 creatures vanquished.

Notes
Turn   | Place    | Note
-------+----------+-------------------------------------------
     0 | D:1      | skittles the Merfolk Gladiator began the quest for the Orb.
     0 | D:1      | Reached XP level 1. HP: 16/16 MP: 1/1
    94 | D:1      | Found Ginukliwou's Book Shop.
   106 | D:1      | Reached XP level 2. HP: 18/22 MP: 2/2
   210 | D:1      | Reached skill level 5 in Polearms
   652 | D:1      | Reached XP level 3. HP: 27/27 MP: 3/3
  1018 | D:1      | Reached skill level 1 in Stealth
  1100 | D:1      | Found a faded altar of an unknown god.
  1296 | D:2      | Noticed Sigmund
  1303 | D:2      | HP: 1/27 [something (1)]
  1304 | D:2      | Slain by Sigmund

Illustrated notes

Levels and vault maps discovered:
D:1:      dpeg_arrival_morbid_curiosity, layout_basic, serial_forest,
          infiniplex_forest_end_2, infiniplex_forest_lined_corner,
          infiniplex_forest_straight_5, infiniplex_forest_straight_2,
          infiniplex_forest_lined_corner, infiniplex_forest_clump_curved,
          serial_shops, shop, nicolae_ecumenical_snake_handling
D:2:      layout_loops_ring, minmay_fractal_squares_5, uniq_robin, uniq_sigmund

Skill      XL: |  1  2  3 |
---------------+----------+-----
Polearms       | 5 |  5.8
Stealth        | 1 |  1.0
Fighting       | |  2.1
Throwing       | |  2.1
Dodging        | |  4.4

Action                   || total
-------------------------++-------
Melee: Trident           ||   103
Throw: Dart              ||     3
  Use: Potion            ||     1
 Stab: Sleeping          ||     7
Armor: Leather armour    ||    20
Dodge: Dodged            ||    61

Table legend: (Time is in decaauts)
 A = Elapsed time spent in this place.
 B = Non-inter-level travel time spent in this place.
 C = Inter-level travel time spent in this place.
 D = Time resting spent in this place.
 E = Time spent auto-exploring this place.
 F = Levels seen in this place.
 G = Mean time per level.
                   A        B        C        D        E       F      G
               +--------+--------+--------+--------+--------+-----+--------+
         Total |   1307 |   1267 |     40 |      0 |   1024 |   2 |  653.5 |
       Dungeon |   1307 |   1267 |     40 |      0 |   1024 |   2 |  653.5 |
               +--------+--------+--------+--------+--------+-----+--------+

Top non-repeatable levels by time:
     D:1: 1261 daAuts
     D:2: 46 daAuts
